[Event "Zalakaros op 34th"]
[Site "Zalakaros"]
[Date "2015.05.19"]
[Round "6"]
[White "Diermair, Andreas"]
[Black "Wagner, Dennis"]
[Result "0-1"]
[ECO "A13"]
[WhiteElo "2488"]
[BlackElo "2572"]
[Annotator "Wagner,D"]
[PlyCount "100"]
[EventDate "2015.05.14"]
[EventType "swiss"]
[EventRounds "9"]
[EventCountry "HUN"]
[SourceTitle "CBM 167"]
[Source "ChessBase"]
[SourceDate "2015.07.13"]
[SourceVersion "1"]
[SourceVersionDate "2015.07.13"]
[SourceQuality "1"]
[TimeControl "40/5400+30:1800+30"]

{The following game was my best achievement at the strong Open in Zalakaros
and includes brilliant tactical ressources, as well as an interesting and
rather fresh opening scheme.} 1. Nf3 Nf6 2.
c4 e6 3. g3 d5 4. Bg2 dxc4 5. Qa4+ Bd7
$5 {[%emt 0:00:10] an interesting and rather unknown setup (a pet variation of
Riazantsev and Buhmann), exactly the right choice of opening against a
theoretically well prepared opponent.} 6. Qxc4 c5 7. Ne5 Qc8 $1 {[%emt 0:00:08] Black is giving up the
pair of bishops, but in return gains good central control and an outpost on d4.
} 8. b3 $6 {[%emt 0:10:07] The setup with the bishop on b2 is rather slow and
not dangerous for Black at all. White is now the one fighting for equality.} (
8. Nc3 Nc6 9. Nxd7 Qxd7 10. O-O Rc8 11. d3 Be7 12. Qa4 O-O 13. Bd2 Rfd8 14.
Rfd1 (14. a3 Nd4 15. Qd1 b6 16. Re1 h6 $11 {1/2 (45)-1/2 (45) Yilmaz,M (2565)
-Buhmann,R (2597) Germany 2014}) 14... b6 15. Rab1 Qb7 16. a3 a6 17. Rdc1 b5
18. Qd1 Qb6 $11 {1/2 (38)-1/2 (38) Georgiev,K (2626) -Khairullin,I (2638)
Bilbao 2014}) (8. d3 Nc6 9. Nxd7 Qxd7 10. Nd2 Be7 11. Nf3 O-O 12. O-O Rac8 13.
Bd2 Rfd8 14. Rac1 Nd5 15. Rfd1 Bf6 16. Qb3 Nde7 17. Bc3 Bxc3 18. bxc3 b6 $11 {
½ (77) Bluebaum,M (2537)-Buhmann,R (2601) Verden an der Aller 2014. Black's
play was easy and he managed to push a little longer. This game attracted my
attention for this line.}) 8... Nc6 9. Nxd7 Qxd7 10. Bb2 Be7 11. O-O O-O 12. d3 Nd4 (12... Rac8 $6 {allows White to activate his rook from a1.} 13. Nd2 Nd4
14. Rae1 b5 15. Qc1 {and the coordination of the white pieces is better than
in the game.}) 13. Re1 Rac8 14. Nd2 b5 {[%emt 0:06:46] The only sensible plan for White in this kind of
structure is to prepare d4 by playing e3 in order to open the position for the
bishops. For this reason he needs a rook on d1 and so I decided to play b5
immediately to interrupt his coordination.} (14... Rfd8 15. Rad1 $1 {It's
important to get the rook to this square.} Nd5 $5 (15... b5 16. Qc1 $14) 16. a3
$1 (16. e3 {runs into concrete problems.} Nb4 $1 17. a4 $1 (17. a3 b5 18. Qc3
Bf6 $19) (17. exd4 cxd4 18. Qxd4 Qxd4 19. Bxd4 Rxd4 20. Bxb7 Rc7 $15) 17... a6
(17... b6 18. Ne4 Ndc6 $11) 18. a5 Bf8 (18... Ndc6 19. Qg4 Bf8 20. Ne4 $36) 19.
Ne4 Qe7 20. Rd2 Ndc6 21. Ra1 Rd5 $15) 16... Nb5 17. Qc1 Bf6 18. Bxf6 Nxf6 19.
e3 $11) 15. Qc1 Rfd8 {[%emt 0:01:20] preventing e3.} 16. Ne4 (16. e3 $2 Nc6 17. Bf1 Nb4 $17) (16. a3 $5 {is more flexible}
h5 $5 {Black needs to get counterplay, since White has the long-term strategic
pluses.} (16... Nd5 17. Rb1 a6 18. e3 Nc6 19. Rd1 {and White´s play is more
pleasant.}) 17. e3 (17. h4 Ng4 18. Qd1 (18. e3 $2 Nc6 19. Bf1 Nce5 $17) 18...
Nf5 $36) 17... Nc6 18. Bf1 h4 $36) (16. a4 a6 17. axb5 axb5 ) 16...
c4 $5 {[%emt 0:16:04] An interesting try, but White has a saving oppurtunity.
Anyway it was a good idea to open the position now, because White still has
bad coordination and he only has chances himself, if he manages to consolidate.
} (16... Nd5 $1 {connected with a nice tactical idea this might be objectively
stronger.} 17. e3 (17. Qd1 Nb4 $15) 17... f5 $1 {I did not reckon with this
great possiblity during the game.} (17... Nf5 18. a3 $14) 18. exd4 (18. Nc3 Nb4
19. Rd1 a6 20. Rd2 Ndc6 21. d4 Na5 $15 ) 18... cxd4 19. Qd2 (19.
Qd1 fxe4 20. Bxe4 Bb4 21. Re2 Bc3 $15) 19... Bb4 20. Nf6+ gxf6 21. Bxd5 Bxd2
22. Bxe6+ Qxe6 23. Rxe6 Rc2 24. Rb1 Bc3 25. Bc1 Kf7 26. Ra6 Re8 $15) 17. dxc4 bxc4 18. Bxd4 $2 {[%emt 0:09:21] I was quite
relieved when confronted with this move, because it seemed rather dubious at
first sight. I took my time for a long think in order to find the most
promising continuation.} (18. bxc4 $1 Qa4 {In order to avoid the exchange sac,
I intended this queen sortie, when I played c4.} (18... Nxe4 19. Bxe4 Bb4 20.
e3 $1 Bxe1 (20... Bd2 21. Qb1) 21. exd4 {During the game I wasn't satisfied
with this position. White has very decent compensation.} Ba5 22. Qc2 $44) 19.
e3 {Only after the game did I realise that this is just possible; not only ...
Nc2 but also ...Rxc4 is refuted by Nc3!} Nxe4 (19... Rxc4 20. Nc3) 20. Bxd4 (
20. Bxe4 Rxc4) 20... Rxc4 21. Qb2 Ba3 22. Qb3 Nd2 23. Qxa4 Rxa4 $11) 18... Nxe4
$1 {[%emt 0:29:10] I had done quite a lot of calculating work before this move
and found many spectacular resources.} (18... Qxd4 19. Rd1 Qe5 (19... Qxd1+ 20.
Qxd1 Rxd1+ 21. Rxd1 c3 22. Nxf6+ gxf6 23. Be4 $1 {is a draw.}) 20. Rxd8+ Rxd8
21. Qc3 Qxc3 22. Nxc3 Rd2 {Black keeps only a slight initiative, that should
evaporate into a draw.}) (18... cxb3 19. Qb2 Qxd4 20. Qxd4 Rxd4 21. Nxf6+ Bxf6
22. axb3 $11) 19. Rd1 {[%emt 0:03:04] the most natural response, where I had
prepared a very beautiful sequence.} (19. e3 {During the game I thought that
this saves White, but there is a fantastic tactical stroke!} Nxf2 $3 20. Kxf2
cxb3 21. Qd1 (21. Qb1 e5 22. Bxe5 Rc2+ 23. Kg1 Qd2 $19) 21... e5 22. Bxe5 Qf5+
23. Qf3 Qxe5 24. axb3 Rc2+ 25. Kg1 Bc5 $17) (19. Be5 {is also not enough.} Qb5
$1 (19... cxb3 20. Qb2) 20. Qf4 (20. Bxe4 Qxe5 $17) 20... Nxf2 $1 21. Kxf2 (21.
Rf1 f6 22. Bd4 Nd3 23. exd3 Rxd4 24. dxc4 (24. Qxd4 Bc5 $19) 24... Qb6 $17)
21... cxb3 22. a4 (22. axb3 Rc5 $1 $17) 22... Qb6+ 23. Kf1 (23. e3 g5 24. Qe4
f5 $19) 23... f6 $17) 19... cxb3 20. Qb1 $2 (
20. Qb2 $1 {is the critical line, but refuted in great style:} Nc3 $3 21. Rd3
$1 (21. Bxc3 Qxd1+ 22. Rxd1 Rxd1+ 23. Bf1 Rxc3 $1 24. Qxc3 bxa2 $19) 21... Ba3
$3 {the second point.} 22. Qxc3 $1 {This is definitely the best saving chance.}
(22. Qxa3 Nxe2+ 23. Kh1 bxa2 $19) 22... Rxc3 23. Bxc3 Qc7 24. Rxd8+ Qxd8 25.
axb3 Bc5 $15 {It's very difficult to win such a position.}) 20... Nc3 21. Bxc3 bxa2 $1 {[%emt 0:03:50] An important
intermediate move, maximising the advantage.} (21... Qxd1+ 22. Qxd1 Rxd1+ 23.
Rxd1 Rxc3 24. axb3 Rxb3 25. Rd7 Bc5 $15 {is not so clear.}) 22. Qd3 (22. Qb3 Qxd1+ $1 23. Rxd1 Rxd1+ 24. Qxd1 Rxc3 $19 {The second
important line, consisting of a queen sac.}) 22... Qxd3 23.
exd3 Rxc3 24. Rxa2 Bc5 $1 {
[%emt 0:00:56] With a pawn up and a very bad structure on White's side, this
ending is technically won.} 25. Bf1 g6 26.
Rb1 Bb6 27. Kg2 Rdc8 28. Be2 Kg7 29. Rb4 Rc2 30. Rbb2 Rc1 31.
Rb4 R8c2 32. Rbb2 Rxb2 33. Rxb2 Kf6 (33... e5 $5 34.
Kf3 f5 35. h4 Bd4 36. Rb7+ (36. Ra2 Rg1 37. Rc2 a5 $19) 36... Kh6 37. g4 fxg4+
38. Kxg4 Bxf2 $19) 34. f4 Ke7 35. Kf3 Kd6 36. Ke4 $6 {[%emt 0:02:05] Losing another
pawn.} (36. Rb4 Kc5 37. Ra4 Kd5 (37... a5 38. d4+) 38. Rb4 Rc2 $19) (36. g4 f5
37. gxf5 exf5 $19) 36... Rh1 37. h4 f5+ 38. Kf3 Rh2 39. g4 Rxh4 40. Kg2 fxg4 41. Rb5 h5 42. Rg5 Be3 43. Rxg6 Bxf4 44. d4 Rh2+ 45. Kf1 Kd5 46. Ba6 g3 47. Bb7+ Kxd4 48. Rxe6 Rf2+ 49. Kg1 Be3 50. Kh1 Rh2# 0-1